 Dungeon Crawl Stone Soup version 0.24-a0-447-ge8da9206dc (webtiles) character file.

Game seed: 14772475078777598857

101 Ijustatesigmund the Skirmisher (level 4, -7/78 HPs)
             Began as an Ogre Hunter on June 25, 2019.
             Killed from afar by a goblin (20 damage)
             ... with an exploding inner flame
             ... led by Robin
             ... hexed by the player character
             ... on level 2 of the Dungeon.
             The game lasted 00:06:00 (2478 turns).

Ijustatesigmund the Skirmisher (Ogre Hunter)        Turns: 2478, Time: 00:06:01

Health: -7/78      AC: 22    Str: 21    XL:     4   Next: 75%
Magic:  1/4        EV:  1    Int: 12    God:
Gold:   35         SH:  0    Dex: 10    Spells: 3/3 levels left

rFire    . . .     SeeInvis .   a - +0 whip
rCold    . . .     Gourm    .   (no shield)
rNeg     + + +     Faith    .   (armour currently unavailable)
rPois    +         Spirit   .   (helmet currently unavailable)
rElec    .         Reflect  .   (cloak currently unavailable)
rCorr    .         Harm     .   (gloves unavailable)
MR       .....     NoTele   +   (boots unavailable)
Stlth    +.........             (no amulet)
HPRegen  0.23/turn              (no ring)
MPRegen  0.09/turn              (no ring)

@: mighty, lethally poisoned (-7 -> -11), tree-form
A: large, unfitting armour
a: no special abilities


You were on level 2 of the Dungeon.
You were not hungry.
You were a tree.
You visited 1 branch of the dungeon, and saw 2 of its levels.

You collected 35 gold pieces.

Inventory:

Hand Weapons
 a - a +0 whip (weapon)
Missiles
 c - a large rock (quivered)
 g - 15 poisoned darts
Armour
 b - a +0 robe (melded)
 i - a scarf of spirit shield (melded)
Jewellery
 m - a cursed ring of wizardry {unknown}
Scrolls
 l - 2 scrolls of identify
Potions
 n - a potion of flight {unknown}
Comestibles
 f - 2 rations
 p - 7 chunks of flesh


   Skills:
 + Level 5.6 Fighting
 * Level 1.6 Maces & Flails
 - Level 4.0 Throwing
 - Level 1.7 Dodging
 - Level 0.6 Stealth


You had 3 spell levels left.
You didn't know any spells.
Your spell library was empty.

Dungeon Overview and Level Annotations

Branches:
Dungeon (2/15)

Altars:
Nemelex Xobeh

Annotations:
D:2 Robin


Innate Abilities, Weirdness & Mutations

You are too large for most types of armour.
((You have tough skin. (AC +1)))


Message History

Okay, then.
It was a potion of might.
You feel very mighty all of a sudden.
The goblin hits you with a +2 dagger of venom.
You are poisoned.
The goblin hits you with a +0 club!
* * * LOW HITPOINT WARNING * * *
As you read the scroll labeled BEGHUS QIOTZ, it crumbles to dust.
You feel blessed for a moment.
It was a scroll of remove curse.
You feel sick. The goblin barely misses you. The goblin closely misses you.
Robin says, "Bow before me, strongest of all the hobgoblins!"
It was a potion of lignification.
You turn into a tree.
Your scarf of spirit shield melds into your body.
Your +0 robe melds into your body.
You feel strangely alone.
Your roots penetrate the ground.
You feel sick.
The goblin hits you but does no damage. x2
You hit the goblin.
The goblin explodes!
The fiery explosion engulfs you!!
You die...

)# ##⌠.⌠##
.###.._..##
.#.#.#
.....⌠.⌠..# ###
###.#.#(#
.#####.##.# #..
......#.### .#
#.##.####.###ggg
g..(. .#
#.(........ .g.
g..# .#
#....####.# #.#
..(# .#####.##.#
##.###g###(..#
.....[.##.#
#..g♣§g)†)...#
.####.###.#
#..###§####..#
.# #.###.###..#
#.# ..# .#
#.##.......# #.#
.# ##
#..........###.#
#
####............
#..#....###..
#(.#.##.# ###
#.(#.##.#


You could see Robin (inner flame), a hobgoblin and a goblin (inner flame).

Vanquished Creatures
  A gnoll (D:2)
  3 adders (D:2)
  An ooze (D:1)
  2 dart slugs (D:1)
  3 bats (D:1)
  3 giant cockroaches
  5 goblins
  11 hobgoblins
  5 jackals
  9 kobolds
  2 ball pythons (D:1)
  2 frilled lizards (D:2)
  5 rats
52 creatures vanquished.

Notes
Turn   | Place    | Note
-------+----------+-------------------------------------------
     0 | D:1      | Ijustatesigmund the Ogre Hunter began the quest for the
                  | Orb.
     0 | D:1      | Reached XP level 1. HP: 22/22 MP: 1/1
    18 | D:1      | Reached skill level 3 in Fighting
   194 | D:1      | Reached XP level 2. HP: 29/32 MP: 2/2
   247 | D:2      | Reached skill level 4 in Fighting
   465 | D:2      | Reached XP level 3. HP: 21/40 MP: 3/3
   912 | D:1      | Reached skill level 5 in Fighting
  1916 | D:1      | Reached XP level 4. HP: 49/50 MP: 4/4
  2302 | D:2      | Found a sparkling altar of Nemelex Xobeh.
  2315 | D:2      | Reached skill level 1 in Maces & Flails
  2463 | D:2      | Noticed Robin
  2478 | D:2      | Killed from afar by a goblin

Levels and vault maps discovered:
D:1:      beargit_arrival_greenhouse, layout_basic, patterned_corridor
D:2:      layout_loops_ring, grunt_temple_overflow_magic_moments,
          nemelex_xobeh_ov_fountains_minmay, uniq_robin

Skill      XL: |  1  2  3  4 |
---------------+-------------+-----
Fighting       | 3 4 5 |  5.6
Maces & Flails | 1 |  1.6
Throwing       | |  4.0
Dodging        | |  1.7
Stealth        | |  0.6

Action                   |  1- 3 |  4- 6 || total
-------------------------+-------+-------++-------
Melee: Short sword       |    95 |       ||    95
       Whip              |    23 |    82 ||   105
Throw: Dart              |    12 |       ||    12
       Large rock        |     1 |     8 ||     9
       Throwing net      |     1 |     1 ||     2
  Use: Scroll            |     2 |     3 ||     5
       Potion            |     1 |     2 ||     3
 Stab: Sleeping          |       |     1 ||     1
  Eat: Chunk             |     3 |     2 ||     5
Armor: Robe              |    43 |    25 ||    68
       Skin              |       |     2 ||     2
Dodge: Dodged            |    91 |    47 ||   138

Table legend:
 A = Non-vault XP
 B = Vault XP
 C = Vault XP percentage of total XP
 D = Non-vault monster count
 E = Vault monster count
 F = Vault count percentage of total count
                 A         B        C        D         E       F
            +---------+---------+-------+---------+---------+-------
      Total |     143 |       2 |   1.4 |      51 |       1 |   1.9
            +---------+---------+-------+---------+---------+-------
        D:1 |      65 |       0 |   0.0 |      32 |       0 |   0.0
        D:2 |      78 |       2 |   2.5 |      19 |       1 |   5.0
            +---------+---------+-------+---------+---------+-------
